 Dungeon Crawl Stone Soup version 0.26.1-11-gd32895ea62 (console) character file.

Game seed: 11389452148646566303

17101 om the Basher (level 12, -3/144 HPs)
             Began as a Minotaur Berserker on July 15, 2021.
             Was the Champion of Trog.
             Slain by a white ugly thing (26 damage)
             ... on level 10 of the Dungeon.
             The game lasted 00:28:33 (11925 turns).

om the Basher (Minotaur Berserker)                 Turns: 11925, Time: 00:28:34

Health: -3/144     AC: 13    Str: 24    XL:     12   Next: 15%
Magic:  11/11      EV: 14    Int:  4    God:    Trog [******]
Gold:   845        SH: 13    Dex: 19    Spells: 11/11 levels left

rFire    . . .     SeeInvis .   d - +4 morningstar (flame)
rCold    . . .     Faith    .   L - +0 kite shield
rNeg     + . .     Spirit   .   u - +0 chain mail
rPois    .         Reflect  .   (helmet restricted)
rElec    .         Harm     .   g - +0 cloak
rCorr    .         Rampage  .   (no gloves)
Will     .....                  (no boots)
Stlth    ..........             w - amulet of the acrobat
HPRegen  0.34/turn              e - ring of positive energy
MPRegen  0.12/turn              i - +6 ring of dexterity

@: berserking, very quick
A: retaliatory headbutt, horns 2
a: Renounce Religion, Berserk, Trog's Hand, Brothers in Arms


You were on level 10 of the Dungeon.
You worshipped Trog.
Trog was exalted by your worship.
You visited 1 branch of the dungeon, and saw 11 of its levels.
You also visited: Bailey.

You collected 913 gold pieces.
You spent 68 gold pieces at shops.

Inventory:

Hand Weapons
 d - a +4 morningstar of flaming (weapon)
 v - the +5 mace "Niptarid" {speed, +Inv Dex+3}
   (You found it on level 5 of the Dungeon)

   Attacks with this weapon are significantly faster.
   It affects your dexterity (+3).
   It lets you turn invisible.
 B - a +3 dagger of venom
Armour
 g - a +0 cloak (worn)
 u - a +0 chain mail (worn)
 L - a +0 kite shield (worn)
Jewellery
 e - a ring of positive energy (left hand)
 i - a +6 ring of dexterity (right hand)
 o - a +6 ring of intelligence
 w - an amulet of the acrobat (around neck)
Wands
 a - a wand of enslavement (6)
 y - a wand of flame (13)
 z - a wand of iceblast (7)
 K - a wand of polymorph (12)
Scrolls
 f - 4 scrolls of teleportation
 m - 4 scrolls of blinking
 n - a scroll of immolation
 p - 2 scrolls of enchant weapon
 q - a scroll of holy word {unknown}
 s - a scroll of enchant armour {unknown}
 t - 3 scrolls of remove curse
 x - a scroll of vulnerability {unknown}
 A - 2 scrolls of random uselessness {unknown}
 D - 3 scrolls of fog {unknown}
 H - 2 scrolls of acquirement {unknown}
 J - a scroll of fear {unknown}
Potions
 b - a potion of might
 c - a potion of magic
 h - 5 potions of curing
 k - a potion of haste
 l - 2 potions of lignification
 r - 3 potions of ambrosia
 C - a potion of flight
 G - a potion of resistance
Miscellaneous
 I - a phantom mirror


   Skills:
 - Level 6.0 Fighting
 - Level 6.0(10.3) Axes
 + Level 12.9(13.4) Maces & Flails
 - Level 10.0 Armour
 - Level 10.0 Dodging
 + Level 9.4 Shields
 - Level 6.0 Evocations


You had 11 spell levels left.
You didn't know any spells.
Your spell library was empty.

Dungeon Overview and Level Annotations

Branches:
Dungeon (11/15)            Temple (0/1) D:7            Lair (0/6) D:8
    Orc (0/2) D:9          Bailey (visited)

Altars:
Okawaru
Qazlal
Trog
Beogh

Shops:
D:7 *

Portals:
Trove: D:11 (give +4 shadow dragon scales)

Annotations:
D:5 1 runed translucent door


Innate Abilities, Weirdness & Mutations

You reflexively headbutt those who attack you in melee.
You have a pair of horns on your head.


Message History

You sock the iguana! You burn the iguana.
You kill the iguana!
Trog accepts your kill.
Non-targeted abil: Berserk
Press: ? - help, Q - select action, (/) - cycle Dir - look around, f - activate You are too injured to fight recklessly!
Okay, then.
You sock the white ugly thing! You burn the white ugly thing.
You headbutt the white ugly thing.
The white ugly thing is heavily wounded.
The white ugly thing kicks you. The white ugly thing freezes you!!
* * * LOW HITPOINT WARNING * * *
You sock the white ugly thing! You burn the white ugly thing.
You headbutt the white ugly thing, but do no damage.
The white ugly thing is severely wounded.
You block the white ugly thing's attack.
A red film seems to cover your vision as you go berserk!
You feel yourself moving faster!
You feel mighty! The white ugly thing kicks you.
* * * LOW HITPOINT WARNING * * *
The white ugly thing freezes you!!
You die...

...# ...# ...# ...#
...### ####### .....#
##.....## ..####
######.......## .##
##..##........(# ##
##.(.##....>....# #
###..#(##..)u.....# #
#...##.(....@.....#
#.#.....#(........#
#####...#####.........#
#......######.........#
...###[:..............#
.......######.........#
...##### #............#
##.# #.###.......##
...# ###.####.....##
#### ###.).#...######
######...###...#


You could see a white ugly thing.

Vanquished Creatures
  A hydra (D:11)
  An ogre mage (D:11)
  Harold (D:7)
  A boulder beetle (D:11)
  A two-headed ogre (D:8)
  3 orc knights (Bailey)
  An ugly thing (D:11)
  A harpy (D:11)
  A centaur zombie (D:11)
  A gargoyle (D:11)
  Maggie (D:6)
  2 trolls
  A hornet (D:10)
  Prince Ribbit (D:5)
  A shadow (D:11)
  A centaur simulacrum (D:11)
  A vampire (D:11)
  10 yaks
  A wyvern (D:11)
  Edmund (D:5)
  A soldier ant (D:11)
  A water moccasin (D:9)
  9 orc warriors
  A black bear (D:11)
  6 ogres
  A sky beast (D:8)
  2 necrophages
  3 ice beasts
  7 centaurs
  4 big kobolds
  5 bullfrogs
  A water moccasin skeleton (D:5)
  2 scorpions
  7 killer bees
  6 wights
  6 howler monkeys
  2 bullfrog zombies
  A quasit (D:11)
  9 orc priests
  7 centaur skeletons
  9 hounds
  6 orc wizards
  Crazy Yiuf (D:5)
  6 jellies
  5 iguanas
  15 worker ants
  A howler monkey zombie (D:6)
  A worker ant zombie (D:9)
  12 adders
  9 gnolls
  A howler monkey skeleton (D:11)
  4 shadow imps
  3 white imps
  2 ufetubi
  3 adder skeletons
  2 worms (D:2)
  2 dart slugs
  8 leopard geckos
  67 orcs
  2 ball pythons
  5 giant cockroaches
  27 goblins
  21 hobgoblins
  4 jackals (D:8)
  19 kobolds
  5 quokkas
  4 bats
  3 frilled lizards
  A giant cockroach zombie (D:5)
  A quokka skeleton (D:5)
  2 rats (D:1)
  4 butterflies (D:5)
368 creatures vanquished.

Vanquished Creatures (collateral kills)
  An orc warlord (Bailey)
  4 orc warriors (Bailey)
  An orc (Bailey)
  2 hobgoblins (Bailey)
8 creatures vanquished.

Vanquished Creatures (others)
  15 plants (D:5)
15 creatures vanquished.

Grand Total: 391 creatures vanquished

Notes
Turn   | Place    | Note
-------+----------+-------------------------------------------
     0 | D:1      | om the Minotaur Berserker began the quest for the Orb.
     0 | D:1      | Reached XP level 1. HP: 19/19 MP: 0/0
   297 | D:1      | Reached XP level 2. HP: 24/27 MP: 1/1
   816 | D:2      | Reached skill level 1 in Shields
   898 | D:2      | Reached XP level 3. HP: 32/33 MP: 2/2
   938 | D:2      | Reached ** piety under Trog
  1297 | D:2      | Found a faded altar of an unknown god.
  2222 | D:4      | Reached XP level 4. HP: 40/40 MP: 3/3
  2225 | D:4      | Reached XP level 5. HP: 46/46 MP: 4/4
  2729 | D:4      | Reached XP level 6. HP: 50/52 MP: 5/5
  2787 | D:4      | Reached skill level 5 in Axes
  3212 | D:5      | Entered Level 5 of the Dungeon
  3377 | D:5      | Found a runed translucent door.
  3522 | D:5      | Found a runed translucent door.
  3637 | D:5      | Reached XP level 7. HP: 46/59 MP: 6/6
  3787 | D:5      | Reached skill level 5 in Armour
  3823 | D:5      | Reached *** piety under Trog
  3990 | D:5      | Noticed Edmund
  4002 | D:5      | Killed Edmund
  4003 | D:5      | Reached skill level 5 in Dodging
  4098 | D:5      | Found a runed translucent door.
  4103 | D:5      | Got an ancient mace
  4104 | D:5      | Identified the +5 mace "Niptarid" {speed, +Inv Dex+3} (You
                  | found it on level 5 of the Dungeon)
  4109 | D:5      | Noticed Crazy Yiuf
  4472 | D:5      | Found a bloodstained altar of Trog.
  4491 | D:5      | Reached skill level 1 in Maces & Flails
  4496 | D:5      | Noticed Prince Ribbit
  4503 | D:5      | Killed Prince Ribbit
  4504 | D:5      | Reached skill level 3 in Maces & Flails
  4504 | D:5      | Reached XP level 8. HP: 66/66 MP: 7/7
  4717 | D:5      | Reached skill level 4 in Maces & Flails
  4831 | D:5      | Killed Crazy Yiuf
  4832 | D:5      | Reached skill level 5 in Maces & Flails
  4947 | D:6      | Found an iron altar of Okawaru.
  4973 | D:6      | Reached skill level 6 in Maces & Flails
  5129 | D:6      | Reached **** piety under Trog
  5138 | D:6      | Reached skill level 7 in Maces & Flails
  5486 | D:6      | Reached XP level 9. HP: 65/72 MP: 8/8
  5673 | D:6      | Noticed Maggie
  5679 | D:6      | Killed Maggie
  5680 | D:6      | Reached skill level 5 in Fighting
  5840 | D:7      | Found a stormy altar of Qazlal.
  5963 | D:7      | Noticed Harold
  5971 | D:7      | Killed Harold
  5972 | D:7      | Reached skill level 8 in Maces & Flails
  6296 | D:7      | Found a staircase to the Ecumenical Temple.
  6709 | D:7      | Found Viveh's Assorted Antiques.
  6739 | D:7      | Bought a scroll of identify for 68 gold pieces
  6902 | D:8      | Found a staircase to the Lair.
  7140 | D:8      | Noticed a two-headed ogre
  7148 | D:8      | Killed a two-headed ogre
  7149 | D:8      | Reached XP level 10. HP: 83/83 MP: 9/9
  7183 | D:8      | Found a roughly hewn altar of Beogh.
  7190 | D:8      | Reached ***** piety under Trog
  8083 | D:9      | Reached skill level 9 in Maces & Flails
  8083 | D:9      | Reached skill level 10 in Armour
  8168 | D:9      | Found a flagged portal.
  8189 | Bailey   | Entered a bailey
  8269 | Bailey   | Received a gift from Trog
  8349 | Bailey   | Noticed an orc knight
  8364 | Bailey   | Killed an orc knight
  8365 | Bailey   | Reached skill level 10 in Dodging
  8365 | Bailey   | Reached skill level 1 in Evocations
  8616 | Bailey   | Noticed an orc knight
  8616 | Bailey   | Noticed an orc warlord
  8635 | Bailey   | Killed an orc knight
  8653 | Bailey   | HP: 3/83 [orc warlord/+0 glaive (23)]
  8657 | Bailey   | Killed an orc warlord
  8660 | Bailey   | Reached skill level 10 in Maces & Flails
  8661 | Bailey   | HP: 2/83 [orc warrior/+0 war axe (3)]
  9031 | Bailey   | Noticed an orc knight
  9047 | Bailey   | Killed an orc knight
  9048 | Bailey   | Reached XP level 11. HP: 89/89 MP: 10/10
  9301 | D:9      | Reached skill level 5 in Evocations
  9598 | D:9      | Found a staircase to the Orcish Mines.
  9941 | D:10     | Entered Level 10 of the Dungeon
 10380 | D:10     | Reached skill level 5 in Shields
 10536 | D:11     | Found a portal to a secret trove of treasure.
 10587 | D:11     | Noticed a harpy
 10707 | D:11     | Noticed a four-headed hydra
 10712 | D:11     | Killed a harpy
 10713 | D:11     | Reached skill level 11 in Maces & Flails
 10713 | D:11     | Noticed a seven-headed hydra
 10718 | D:10     | Received a gift from Trog
 11034 | D:11     | Noticed a purple ugly thing
 11034 | D:11     | Noticed an ogre mage
 11045 | D:11     | Killed a purple ugly thing
 11046 | D:11     | Reached skill level 12 in Maces & Flails
 11047 | D:11     | Killed an ogre mage
 11496 | D:11     | Killed a four-headed hydra
 11497 | D:11     | Reached XP level 12. HP: 96/96 MP: 11/11
 11704 | D:11     | Noticed a boulder beetle
 11754 | D:11     | Killed a boulder beetle
 11888 | D:11     | Reached ****** piety under Trog
 11925 | D:10     | Slain by a white ugly thing

Illustrated notes

Levels and vault maps discovered:
D:1:      shiori_shiawase, layout_rooms
D:2:      layout_basic, chequers_ecumenical_altar_simple_redux
D:3:      layout_loops_ring
D:4:      minmay_evil_eye, layout_basic
D:5:      lemuel_insect_pit, layout_loops_corners, bloody_trog, chequers_avenue,
          ebering_dispersal_statue_hall, lexackson_kobold_supper,
          uniq_crazy_yiuf_cottage, uniq_prince_ribbit1, uniq_edmund
D:6:      minmay_clustersquares, layout_loops_ring, okawaru_ov_weapons_minmay,
          uniq_maggie
D:7:      layout_basic, temple_statues, serial_shops, shop, roderic_lattice_a,
          grunt_qazlal_sundering, uniq_harold
D:8:      layout_loops_cross, lair_entry_dummy, special_room [special_room_orc]
D:9:      layout_loops_ring, orc_0_dummy, enter_bailey_4
D:10:     layout_rooms
D:11:     hangedman_cross_cluster, layout_cross, nicolae_trove_entry_isolated

Skill      XL: |  1  2  3  4  5  6  7  8  9 10 11 12 |
---------------+-------------------------------------+-----
Shields        | 1 2 3 4 8 9 |  9.4
Axes           | 4 5 6 |  6.0
Fighting       | 4 6 |  6.0
Armour         | 3 4 6 9 10 | 10.0
Dodging        | 3 4 5 6 9 10 | 10.0
Maces & Flails | 3 7 8 10 12 | 12.9
Evocations     | 4 6 |  6.0

Action                   |  1- 3 |  4- 6 |  7- 9 | 10-12 || total
-------------------------+-------+-------+-------+-------++-------
Melee: Hand axe          |    70 |    60 |    36 |       ||   166
       Headbutt          |    11 |    15 |    48 |   129 ||   203
       Mace              |       |       |   177 |   378 ||   555
       Morningstar       |       |       |       |   123 ||   123
       Unarmed           |       |       |       |     2 ||     2
Invok: Berserk           |     2 |     1 |     9 |    16 ||    28
       Brothers in Arms  |       |       |       |     1 ||     1
  Use: Scroll            |     6 |     2 |     6 |     7 ||    21
       Potion            |       |       |       |     2 ||     2
Armor: Animal skin       |     9 |       |       |       ||     9
       Scale mail        |    13 |    20 |     8 |       ||    41
       Chain mail        |       |       |    27 |   105 ||   132
Dodge: Dodged            |    43 |    32 |   105 |   290 ||   470
Block: Buckler           |     9 |    10 |    36 |    65 ||   120
       Kite shield       |       |       |       |   128 ||   128
